 Dungeon Crawl Stone Soup version 0.28-a0-1190-g77e1c55843 (webtiles) character file.

Game seed: 16366866112144819133

16 ChaosChampion the Ruffian (level 2, 0/23 HPs)
             Began as a Draconian Transmuter on Dec 18, 2021.
             Was a Follower of Makhleb.
             Constricted to death by a ball python (1 damage)
             ... on level 2 of the Dungeon.
             The game lasted 00:00:45 (975 turns).

ChaosChampion the Ruffian (Draconian Transmuter)     Turns: 975, Time: 00:00:46

Health: 0/23       AC:  4    Str: 12    XL:     2   Next: 41%
Magic:  4/5        EV:  9    Int: 13    God:    Makhleb [*.....]
Gold:   43         SH:  0    Dex: 11    Spells: 4/5 levels left

rFire   . . .      SeeInvis .     - Unarmed
rCold   . . .      Faith    .   (no shield)
rNeg    . . .      Spirit   .   (armour unavailable)
rPois   .          Reflect  .   (helmet currently unavailable)
rElec   .          Harm     .   (no cloak)
rCorr   .          Rampage  .   (no gloves)
Will    .....                   (boots currently unavailable)
Stlth   +.........              (no amulet)
HPRegen 0.07/turn               (no ring)
MPRegen 0.09/turn               (no ring)

@: appendages, constricted
A: horns 2, talons 2, AC +4, unfitting armour, cold-blooded
a: End Transformation, Renounce Religion


You were on level 2 of the Dungeon.
You worshipped Makhleb.
Makhleb was aware of your devotion.
You had temporarily grown beastly horns and talons.
You visited 1 branch of the dungeon, and saw 2 of its levels.

You collected 43 gold pieces.

Inventory:

Jewellery
 c - a ring of see invisible
Scrolls
 b - a scroll of blinking {unknown}
 e - 2 scrolls of fog {unknown}
Potions
 a - 2 potions of attraction {unknown}
 d - a potion of invisibility {unknown}


   Skills:
 + Level 1.6 Fighting
 - Level 1.9 Dodging
 + Level 3.2 Unarmed Combat
 - Level 2.1 Spellcasting
 + Level 2.3 Transmutations


You had 4 spell levels left.
You knew the following spells:

 Your Spells              Type           Power      Damage    Failure   Level
a - Beastly Appendage     Tmut           14%        N/A       10%         1

Your spell library contained the following spells:

 Spells                   Type           Power      Damage    Failure   Level
 Wereblood                Tmut           7%         N/A       14%         2
 Spider Form              Tmut/Pois      4%         N/A       43%         3
 Ice Form                 Ice/Tmut       4%         N/A       83%         4


Dungeon Overview and Level Annotations

Branches:
Dungeon (2/15)

Altars:
Makhleb

Annotations:
D:2 Natasha


Innate Abilities, Weirdness & Mutations

You have temporarily grown beastly horns and talons.
Your plain brown scales are hard. (AC +4)
You cannot fit into any form of body armour.
You are cold-blooded and may be slowed by cold attacks.


Message History

Natasha is lightly wounded.
The goblin hits you with a +0 club. Natasha claws you.
A rat comes into view.
The ball python bites you. The ball python closely misses you.
You hit Natasha but do no damage.
Natasha is lightly wounded.
The goblin completely misses you. Natasha barely misses you.
The ball python closely misses you. The ball python barely misses you.
You hit Natasha but do no damage.
Natasha is lightly wounded.
The goblin barely misses you.
Natasha howls an incantation.
Natasha's front paws start to glow.
Natasha misses you.
You hit Natasha.
Your tail-slap misses Natasha.
Natasha is moderately wounded.
The goblin hits you with a +0 club. Natasha casts a spell at you.
The magic dart hits you. The ball python barely misses you.
The ball python grabs you. The ball python constricts you.
The adder bites you but does no damage.
You are too injured to fight recklessly!
There are monsters nearby!
There are monsters nearby!
There are monsters nearby!
There are monsters nearby!
Casting: Beastly Appendage (safe; 10% risk of failure)
Confirm with . or Enter, or press ? or * to list all spells.
You grow a pair of large bovine horns.
Your feet morph into talons.
The goblin hits you with a +0 club. Natasha claws you.
* * * LOW HITPOINT WARNING * * *
The ball python bites you.
* * * LOW HITPOINT WARNING * * *
The ball python constricts you. The adder bites you.
* * * LOW HITPOINT WARNING * * *
You hit Natasha but do no damage. You claw Natasha.
Natasha is moderately wounded.
The goblin hits you but does no damage. The ball python closely misses you.
The ball python constricts you.
You die...

#... ...###!
..> .......
#.. ......#
#.. .....
#.. ....
#.>#..###
#.Sghb..#
#S@# #..#
#..## #...#
##..##
#...###
#.#...#..
###.#.......
#......#....


You could see Natasha, an adder, a goblin, a bat and a ball python.

Vanquished Creatures
  A dart slug (D:2)
  A ball python (D:1)
  A bat (D:1)
  An endoplasm (D:1)
  2 goblins (D:1)
  2 hobgoblins (D:2)
  2 frilled lizards
  A kobold (D:1)
  3 rats
14 creatures vanquished.

Notes
Turn   | Place    | Note
-------+----------+-------------------------------------------
     0 | D:1      | ChaosChampion the Draconian Transmuter began the quest for
                  | the Orb.
     0 | D:1      | Reached XP level 1. HP: 16/16 MP: 3/3
   110 | D:1      | Found a faded altar of an unknown god.
   119 | D:1      | Prayed at the altar of an unknown god.
   119 | D:1      | Became a worshipper of Makhleb the Destroyer
   119 | D:1      | Reached * piety under Makhleb
   360 | D:1      | Reached XP level 2. HP: 23/23 MP: 3/5
   967 | D:2      | Noticed Natasha
   974 | D:2      | HP: 1/23 [adder (1)]
   975 | D:2      | Constricted to death by a ball python

Illustrated notes

Levels and vault maps discovered:
D:1:      lightli_arrival_farm, layout_basic, basic_ecumenical_altar,
          minmay_misc_feat_four_crosses, minmay_statues_item, minmay_tripent
D:2:      layout_rooms, uniq_natasha, uniq_jessica

Action                   || total
-------------------------++-------
Melee: Unarmed           ||    29
       Kick              ||     6
       Headbutt          ||     4
       Tailslap          ||     1
 Cast: Beastly Appendage ||     8
 Stab: Sleeping          ||     1
Armor: Skin              ||    15
Dodge: Dodged            ||    20

Table legend: (Time is in decaauts)
 A = Elapsed time spent in this place.
 B = Non-inter-level travel time spent in this place.
 C = Inter-level travel time spent in this place.
 D = Time resting spent in this place.
 E = Time spent auto-exploring this place.
 F = Levels seen in this place.
 G = Mean time per level.
                   A        B        C        D        E       F      G
               +--------+--------+--------+--------+--------+-----+--------+
         Total |    994 |    967 |     27 |      0 |    876 |   2 |  497.0 |
       Dungeon |    994 |    967 |     27 |      0 |    876 |   2 |  497.0 |
               +--------+--------+--------+--------+--------+-----+--------+

Top non-repeatable levels by time:
     D:1: 849 daAuts
     D:2: 144 daAuts
